 Dungeon Crawl Stone Soup version 0.26.1-10-gdfb7c7de75 (webtiles) character file.

Game seed: 4040307016300865951

2727 DearestLeader the Frost Mage (level 9, -12/63 HPs)
             Began as a Merfolk Ice Elementalist on Apr 8, 2021.
             Was a Follower of Vehumet.
             Mangled by a wyvern (13 damage)
             ... on level 8 of the Dungeon.
             The game lasted 00:16:38 (8861 turns).

DearestLeader the Frost Mage (MfIE)                 Turns: 8861, Time: 00:16:40

Health: -12/63     AC: 11    Str:  7 (9)  XL:     9   Next: 67%
Magic:  5/13       EV: 15    Int: 14 (17) God:    Vehumet [*.....]
Gold:   346        SH:  0    Dex: 13 (14) Spells: 3/14 levels left

rFire    . . .     SeeInvis .   r - +4 quarterstaff (chaos)
rCold    . . .     Faith    .   (shield currently unavailable)
rNeg     + . .     Spirit   .   d - +0 troll leather armour {Purgy}
rPois    .         Reflect  .   (helmet restricted)
rElec    .         Harm     .   s - +0 cloak
rCorr    .         Rampage  .   (no gloves)
Will     .....                  (no boots)
Stlth    ++........             p - amulet of magic regeneration
HPRegen  0.60/turn              w - ring of positive energy
MPRegen  0.38/turn              E - +4 ring of slaying

@: icy armour, frozen ramparts
A: change form in water, swift swim, stealthy swim, antennae 1, repulsion field
1
a: Renounce Religion


You were on level 8 of the Dungeon.
You worshipped Vehumet.
Vehumet was aware of your devotion.
You visited 2 branches of the dungeon, and saw 9 of its levels.

You collected 346 gold pieces.

Inventory:

Hand Weapons
 f - a +2 dagger of holy wrath
 r - a +4 quarterstaff of chaos (weapon)
 B - a +0 trident
 I - a +0 glaive
Missiles
 g - 52 sling bullets
 i - 309 stones
 x - 37 poisoned darts (quivered)
 D - 2 throwing nets
Armour
 d - a +0 troll leather armour (worn) {Purgy}
 s - a +0 cloak (worn)
Magical Staves
 t - an uncursed staff of conjuration
Jewellery
 p - an amulet of magic regeneration (around neck)
 q - an uncursed ring of see invisible
 w - a ring of positive energy (left hand)
 E - a +4 ring of slaying (right hand)
 K - an uncursed ring of flight {unknown}
Wands
 J - a wand of polymorph (8)
Scrolls
 b - a scroll of fear
 c - a scroll of noise {unknown}
 h - a scroll of immolation {unknown}
 j - 2 scrolls of enchant armour {unknown}
 k - a scroll of remove curse
 n - 3 scrolls of teleportation
 u - a scroll of random uselessness {unknown}
 y - a scroll of fog {unknown}
 A - 2 scrolls of magic mapping {unknown}
 C - a scroll of enchant weapon {unknown}
 G - 3 scrolls of identify
Potions
 a - 2 potions of flight
 e - a potion of magic
 l - a potion of degeneration
 m - a potion of ambrosia {unknown}
 o - a potion of might {unknown}
 v - a potion of berserk rage {unknown}
 z - 2 potions of haste {unknown}
 F - 2 potions of mutation
 H - a potion of cancellation {unknown}
 L - 2 potions of attraction {unknown}


   Skills:
 - Level 3.0 Fighting
 * Level 9.7 Polearms
 + Level 4.3 Dodging
 - Level 2.1 Stealth
 - Level 3.0 Spellcasting
 - Level 3.0 Summonings
 - Level 11.0 Ice Magic


You had 3 spell levels left.
You knew the following spells:

 Your Spells              Type           Power        Failure   Level
a - Freeze                Ice            100%         1%          1
b - Frozen Ramparts       Ice            64%          1%          3
c - Ozocubu's Armour      Ice            32%          1%          3
d - Summon Ice Beast      Ice/Summ       21%          19%         4

Your spell library contained the following spells:

 Spells                   Type           Power        Failure   Level
 Shock                    Conj/Air       8%           32%         1
 Hailstorm                Conj/Ice       17%          32%         4


Dungeon Overview and Level Annotations

Branches:
Dungeon (8/15)             Temple (1/1) D:6
   Lair: D:8-11

Altars:
Cheibriados
Dithmenos
Elyvilon
Fedhas
Gozag
Hepliaklqana
Kikubaaqudgha
Makhleb
Nemelex Xobeh
Okawaru
Qazlal
Ru
Sif Muna
Trog
Uskayaw
Vehumet
Wu Jian
Xom
Yredelemnul
Zin
The Shining One

Annotations:
D:8 Joseph


Innate Abilities, Weirdness & Mutations

You revert to your normal form in water.
You are very nimble and swift while swimming.
You are very stealthy in the water. (Stealth+)
You have a pair of small antennae on your head.
You are surrounded by a mild repulsion field. (EV +2)


Message History

A film of ice covers your body!
Joseph completely resists.
The wall freezes Joseph but does no damage.
Joseph hits you but does no damage.
The wall freezes the wyvern.
Unknown command.
It was a potion of mutation.
You feel extremely strange. A pair of antennae grows on your head!
You feel stupid.
You feel clever.
You begin to radiate repulsive energy.
Joseph resists.
The wall freezes Joseph.
Joseph hits you with a +0 quarterstaff.
* * * LOW HITPOINT WARNING * * *
The white imp completely resists.
The wall freezes the white imp but does no damage.
The wall freezes the giant cockroach.
It was a potion of degeneration.
There was something very wrong with that liquid.
You feel weakened.
You feel dopey.
You feel clumsy.
The wall freezes the wyvern.
The wyvern bites you.
* * * LOW HITPOINT WARNING * * *
The wall freezes the wyvern.
The wyvern bites you!
You die...

.# .. .. ## #.
.# #> ##.# #B{
...# #l#####..#
+@@Y.....#####
###(.........#
#..(.≈.....#
#..........#
#...≈../...#
###++..........#
...............#
...........#####
...........#


You could see Joseph, a wyvern, a giant cockroach and a friendly ice beast
(summoned).

Vanquished Creatures
  Sigmund (D:2)
  2 orc warriors (D:7)
  3 sky beasts
  Purgy (D:3)
  2 black bears
  2 necrophages (D:7)
  A phantom (D:4)
  A centaur (D:7)
  A gnoll sergeant (D:5)
  3 bullfrogs
  A scorpion (D:7)
  3 howler monkeys
  3 hounds
  A quasit (D:7)
  A bullfrog zombie (D:6)
  3 orc priests
  Crazy Yiuf (D:2)
  A bullfrog skeleton (D:4)
  Natasha (twice) (D:2)
  5 worker ants
  2 iguanas
  9 orc wizards
  A statue (D:4)
  2 hound skeletons
  5 gnolls
  5 adders
  7 worms
  A dart slug (D:3)
  13 leopard geckos
  14 orcs
  A ball python (D:3)
  7 bats
  3 giant cockroaches
  9 goblins
  5 hobgoblins
  12 jackals
  9 kobolds
  A quokka (D:6)
  4 frilled lizards
  A jackal skeleton (D:7)
  A leopard gecko skeleton (D:7)
  A quokka zombie (D:6)
  8 rats
159 creatures vanquished.

Vanquished Creatures (collateral kills)
  2 howler monkeys (D:7)
  A gnoll (D:7)
3 creatures vanquished.

Grand Total: 162 creatures vanquished

Notes
Turn   | Place    | Note
-------+----------+-------------------------------------------
     0 | D:1      | DearestLeader the Merfolk Ice Elementalist began the quest
                  | for the Orb.
     0 | D:1      | Reached XP level 1. HP: 13/13 MP: 3/3
   321 | D:1      | Reached XP level 2. HP: 7/19 MP: 0/5
   629 | D:1      | Reached skill level 5 in Ice Magic
  1120 | D:1      | Reached XP level 3. HP: 22/24 MP: 3/6
  1126 | D:1      | Learned a level 3 spell: Frozen Ramparts
  1916 | D:2      | Noticed Natasha
  1922 | D:2      | Killed Natasha
  1923 | D:2      | Reached skill level 6 in Ice Magic
  1923 | D:2      | Reached XP level 4. HP: 16/30 MP: 0/7
  2069 | D:2      | Noticed Natasha
  2086 | D:2      | Killed Natasha
  2158 | D:2      | Noticed Sigmund
  2172 | D:2      | Killed Sigmund
  2173 | D:2      | Reached skill level 7 in Ice Magic
  2173 | D:2      | Reached XP level 5. HP: 17/35 MP: 1/8
  2173 | D:2      | Reached XP level 6. HP: 20/41 MP: 1/9
  2177 | D:2      | Learned a level 3 spell: Ozocubu's Armour
  2418 | D:2      | Reached skill level 8 in Ice Magic
  2727 | D:2      | Found an opulent altar of Gozag.
  2976 | D:2      | Found a runed translucent door.
  2977 | D:2      | Noticed Crazy Yiuf
  3024 | D:2      | Killed Crazy Yiuf
  3742 | D:3      | Noticed Purgy
  3817 | D:3      | Killed Purgy
  3818 | D:3      | Reached skill level 9 in Ice Magic
  3818 | D:3      | Reached XP level 7. HP: 27/46 MP: 6/10
  3984 | D:3      | You fall into a shaft and drop 3 floors!
  3993 | D:6      | Found a staircase to the Ecumenical Temple.
  4005 | Temple   | Entered the Ecumenical Temple
  4323 | D:6      | Found a shadowy altar of Dithmenos.
  4418 | D:6      | Reached skill level 10 in Ice Magic
  4575 | D:6      | Reached skill level 1 in Fighting
  4675 | D:5      | Entered Level 5 of the Dungeon
  4726 | D:4      | Reached XP level 8. HP: 31/54 MP: 7/11
  5419 | D:3      | Found a stormy altar of Qazlal.
  5899 | D:4      | Reached skill level 1 in Polearms
  6331 | D:4      | Found a radiant altar of Vehumet.
  6345 | D:4      | Became a worshipper of Vehumet
  6487 | D:4      | Learned a level 4 spell: Summon Ice Beast
  7127 | D:5      | Reached skill level 1 in Summonings
  7551 | D:5      | Found a glowing silver altar of Zin.
  7561 | D:5      | Found a hazy altar of Hepliaklqana.
  7649 | D:6      | Reached * piety under Vehumet
  7649 | D:6      | Offered knowledge of Shock by Vehumet.
  7654 | D:6      | Reached skill level 5 in Polearms
  7808 | D:6      | Reached XP level 9. HP: 53/63 MP: 13/13
  8330 | D:7      | Found an ornate altar of the Wu Jian Council.
  8436 | D:7      | Reached skill level 11 in Ice Magic
  8753 | D:7      | Found a burning altar of Makhleb.
  8849 | D:8      | Noticed Joseph
  8860 | D:8      | Gained mutation: You have a pair of small antennae on your
                  | head. [potion of mutation]
  8860 | D:8      | Gained mutation: You are dopey. (Int -2) [potion of
                  | mutation]
  8860 | D:8      | Lost mutation: You are dopey. (Int -2) [potion of mutation]
  8860 | D:8      | Gained mutation: You are surrounded by a mild repulsion
                  | field. (EV +2) [potion of mutation]
  8860 | D:8      | HP: 2/63 [Joseph/+0 quarterstaff (4)]
  8861 | D:8      | Mangled by a wyvern

Illustrated notes

Levels and vault maps discovered:
D:1:      ebering_hopf_link, layout_loops_ring, supply_closet_lemuel
D:2:      layout_basic, overflow_temple_1_default, minmay_misc_feat_plants,
          uniq_sigmund, uniq_natasha, uniq_crazy_yiuf_cottage
D:3:      layout_basic, lemuel_doored_altar, grunt_ministairs_7, uniq_purgy
D:4:      layout_basic, vehumet_statue
D:5:      layout_loops_corners, nzn_hepliaklqana_mist_gate,
          kennysheep_mini_moat, roderic_serpentine_path
D:6:      layout_loops_corners, grunt_dithmenos_smoke,
          minmay_temple_entry_sparse_star
D:7:      layout_rooms, makhleb_blood_cavern_becter, basic_altar
D:8:      layout_basic, chequers_serial_rivers_large_b, tgw_kikubaaqudgha,
          uniq_joseph, uniq_psyche
Temple:   minmay_temple_curvy_branch

Skill      XL: |  1  2  3  4  5  6  7  8  9 |
---------------+----------------------------+-----
Ice Magic      | 5 6 7 9 10 11 | 11.0
Fighting       | 1 3 |  3.0
Polearms       | 5 9 |  9.7
Spellcasting   | 3 |  3.0
Summonings     | 2 3 |  3.0
Dodging        | 4 |  4.3
Stealth        | |  2.1

Action                   |  1- 3 |  4- 6 |  7- 9 || total
-------------------------+-------+-------+-------++-------
Melee: Dagger            |    45 |     9 |       ||    54
       Unarmed           |     2 |       |       ||     2
       Quarterstaff      |       |    25 |   200 ||   225
Throw: Stone             |       |     4 |       ||     4
 Cast: Freeze            |    29 |     6 |     3 ||    38
       Frozen Ramparts   |     1 |    10 |    19 ||    30
       Ozocubu's Armour  |       |     3 |     6 ||     9
       Summon Ice Beast  |       |       |     4 ||     4
  Use: Potion            |     2 |       |     2 ||     4
       Scroll            |       |     3 |     4 ||     7
 Stab: Sleeping          |     2 |     2 |     2 ||     6
       Paralysed         |       |       |     3 ||     3
       Distracted        |       |       |     1 ||     1
Armor: Robe              |    13 |    10 |    27 ||    50
       Troll leather arm |       |       |    37 ||    37
Dodge: Dodged            |    51 |    31 |   149 ||   231
